 Dungeon Crawl Stone Soup version 0.26-b1-32-g5d43845318 (webtiles) character file.

Game seed: 2759933822438425669

2530 inmateoo the Magician (level 9, -1/75 HPs)
             Began as a Black Draconian Ice Elementalist on Jan 9, 2021.
             Was a Believer of Cheibriados.
             Shot with an arrow by a centaur (16 damage)
             ... on level 8 of the Dungeon.
             The game lasted 00:15:32 (6716 turns).

inmateoo the Magician (DrIE)                        Turns: 6716, Time: 00:15:32

Health: -1/75      AC: 18    Str: 16    XL:     9   Next: 29%
Magic:  15/30      EV: 14    Int: 28    God:    Cheibriados [**....]
Gold:   613        SH:  0    Dex: 17    Spells: 12/23 levels left

rFire    . . .     SeeInvis .   n - +4 dagger
rCold    . . .     Faith    .   (no shield)
rNeg     . . .     Spirit   .   (armour unavailable)
rPois    +         Reflect  .   p - +3 hat of Pondering {ponderous, Will+ MP+10 Int+5}
rElec    +         Harm     .   (no cloak)
rCorr    .         Rampage  .   (no gloves)
Will     ++...                  (no boots)
Stlth    ++........             (no amulet)
HPRegen  0.22/turn              u - ring of poison resistance
MPRegen  0.22/turn              B - ring of willpower

@: icy armour, short of breath, frozen ramparts, very slow
A: breathe lightning, unfitting armour, electricity resistance, cold-blooded, AC
+7
a: Breathe Lightning, Renounce Religion, Bend Time


You were on level 8 of the Dungeon.
You worshipped Cheibriados.
Cheibriados was pleased with you.
You visited 2 branches of the dungeon, and saw 9 of its levels.
You also visited: Sewer.

You collected 613 gold pieces.

Inventory:

Hand Weapons
 n - a +4 dagger (weapon)
 A - a +0 long sword of electrocution
Missiles
 q - 20 poisoned darts (quivered)
Armour
 p - the +3 hat of Pondering (worn) {ponderous, Will+ MP+10 Int+5}
   (You found it in a sewer)

   It affects your intelligence (+5).
   It affects your willpower, your defense against some magical effects.
   It affects your magic capacity (+10).
Jewellery
 u - a ring of poison resistance (left hand)
 B - a ring of willpower (right hand)
Wands
 m - a wand of digging (7)
Scrolls
 e - 3 scrolls of remove curse
 l - 3 scrolls of blinking
 r - 3 scrolls of teleportation
 t - 2 scrolls of enchant weapon
 v - a scroll of amnesia
 x - a scroll of identify
Potions
 a - a potion of magic
 b - 3 potions of ambrosia
 c - a potion of mutation {unknown}
 d - a potion of curing {unknown}
 g - 2 potions of lignification {unknown}
 h - a potion of flight {unknown}
 i - 2 potions of degeneration {unknown}
 j - a potion of resistance {unknown}
 k - a potion of attraction
 o - a potion of cancellation
 z - a potion of berserk rage {unknown}


   Skills:
 + Level 6.1 Fighting
 + Level 3.4 Dodging
 - Level 2.0 Stealth
 + Level 2.9 Unarmed Combat
 + Level 7.6 Spellcasting
 + Level 6.8 Ice Magic
 + Level 3.1 Invocations


You had 12 spell levels left.
You knew the following spells:

 Your Spells              Type           Power        Failure   Level
a - Freeze                Ice            100%         1%          1
b - Frozen Ramparts       Ice            96%          1%          3
c - Ozocubu's Armour      Ice            48%          1%          3
d - Summon Ice Beast      Ice/Summ       29%          13%         4

Your spell library contained the following spells:

 Spells                   Type           Power        Failure   Level
 Hailstorm                Conj/Ice       29%          13%         4


Dungeon Overview and Level Annotations

Branches:
Dungeon (8/15)             Temple (1/1) D:4           Sewer (visited)
   Lair: D:8-11

Altars:
Ashenzari
Cheibriados
Elyvilon
Fedhas
Gozag
Hepliaklqana
Kikubaaqudgha
Makhleb
Nemelex Xobeh
Okawaru
Qazlal
Ru
Sif Muna
Trog
Uskayaw
Vehumet
Wu Jian
Xom
Yredelemnul
Zin

Annotations:
D:6 3 runed translucent doors, Leszczynek's ghost, novice PaWn


Innate Abilities, Weirdness & Mutations

You can breathe wild blasts of lightning.
Your glossy black scales are hard. (AC +7)
You cannot fit into any form of body armour.
You are resistant to electric shocks. (rElec)
You are cold-blooded and may be slowed by cold attacks.


Message History

You freeze something.
The centaur shoots an arrow.
The arrow hits you but does no damage.
The wall freezes something.
Unholy energy fills the air.
Unknown command.
Unknown command.
Casting: Freeze (safe; 1% risk of failure)
Confirm with . or Enter, or press ? or * to list all spells.
Aiming: Freeze (safe; 1% risk of failure)
Press: ? - help, Shift-Dir - straight line You freeze something.
The centaur shoots an arrow.
The arrow barely misses you.
The wall freezes something.
Unholy energy fills the air.
* * * LOW HITPOINT WARNING * * *
Unknown command.
Unknown command.
Blink to where?
Press: ? - help, Dir - move target
As you read the scroll of blinking, it crumbles to dust.
The centaur shoots an arrow.
The arrow barely misses you.
The centaur shoots an arrow.
The arrow hits you!
You die...

#................
.................#
...).............###
...................
.................#
.................#
.................##.
....c.......$.......
.......@..Y†...#.###
........##§###...#
........##{# .?.#
........##†...#.##
....#.......###/#
.#.##........ # #.
##........ .
..........
####...$...


You could see a centaur and a friendly ice beast (summoned).

Vanquished Creatures
  Grinder (D:5)
  Menkaure (D:5)
  2 sky beasts
  An orc warrior (D:7)
  2 ice beasts (D:7)
  2 phantoms
  A centaur (D:5)
  Blork the orc (D:5)
  3 bullfrogs
  2 scorpions
  A water moccasin skeleton (D:7)
  7 howler monkeys
  3 hounds
  2 orc priests
  2 bullfrog skeletons
  8 orc wizards
  Jessica (D:2)
  An iguana (D:5)
  3 worker ants (D:6)
  2 worker ant zombies
  Robin (D:3)
  A river rat (D:4)
  9 adders
  A howler monkey skeleton (D:8)
  A shadow imp (D:8)
  A white imp (D:8)
  An ooze (D:1)
  An adder zombie (D:5)
  6 worms
  4 dart slugs (D:1)
  5 leopard geckos
  23 orcs
  3 ball pythons
  9 giant cockroaches
  14 goblins
  15 hobgoblins
  11 jackals
  10 kobolds
  4 quokkas
  8 bats
  15 frilled lizards
  A jackal skeleton (D:5)
  A leopard gecko skeleton (D:4)
  13 rats
204 creatures vanquished.

Vanquished Creatures (collateral kills)
  An ufetubus (D:7)
1 creature vanquished.

Vanquished Creatures (others)
  A fungus (D:6)
  3 plants (D:6)
4 creatures vanquished.

Grand Total: 209 creatures vanquished

Notes
Turn   | Place    | Note
-------+----------+-------------------------------------------
     0 | D:1      | inmateoo the Draconian Ice Elementalist began the quest for
                  | the Orb.
     0 | D:1      | Reached XP level 1. HP: 14/14 MP: 3/3
   121 | D:1      | Reached XP level 2. HP: 17/22 MP: 0/5
   328 | D:1      | Reached skill level 1 in Fighting
   428 | D:1      | Reached XP level 3. HP: 28/28 MP: 0/6
   836 | D:2      | Noticed Jessica
   842 | D:2      | Killed Jessica
   843 | D:2      | Reached XP level 4. HP: 29/36 MP: 3/8
   988 | D:2      | Learned a level 3 spell: Frozen Ramparts
   992 | D:2      | Learned a level 3 spell: Ozocubu's Armour
  1250 | D:2      | Reached skill level 3 in Spellcasting
  1422 | D:2      | Reached XP level 5. HP: 35/42 MP: 1/9
  1769 | D:3      | Noticed Robin
  1780 | D:3      | Killed Robin
  1866 | D:3      | Reached skill level 5 in Ice Magic
  2161 | D:3      | Reached XP level 6. HP: 39/51 MP: 3/11
  2584 | D:4      | Reached skill level 4 in Spellcasting
  2650 | D:4      | Your scales start taking on a glossy black colour.
  2650 | D:4      | Reached XP level 7. HP: 48/60 MP: 4/13
  2650 | D:4      | Gained mutation: You are resistant to electric shocks.
                  | (rElec) [Black Draconian growth]
  2767 | D:4      | Found a glowing drain.
  2869 | Sewer    | Entered a sewer
  3067 | Sewer    | Found the +3 hat of Pondering {ponderous, Will+ MP+10
                  | Int+5}
  3107 | Sewer    | Reached skill level 5 in Fighting
  3110 | Sewer    | Reached skill level 5 in Spellcasting
  3865 | D:4      | Found a staircase to the Ecumenical Temple.
  4029 | Temple   | Entered the Ecumenical Temple
  4172 | Temple   | Became a worshipper of Cheibriados the Contemplative
  4208 | D:5      | Entered Level 5 of the Dungeon
  4208 | D:5      | Noticed Menkaure
  4222 | D:5      | Killed Menkaure
  4223 | D:5      | Reached skill level 6 in Spellcasting
  4223 | D:5      | Reached XP level 8. HP: 64/68 MP: 16/17
  4242 | D:5      | Noticed Grinder
  4277 | D:5      | Killed Grinder
  4280 | D:5      | Noticed Blork the orc
  4364 | D:5      | Killed Blork the orc
  4365 | D:5      | Reached skill level 7 in Spellcasting
  4367 | D:5      | Reached skill level 1 in Unarmed Combat
  4410 | D:5      | Reached skill level 1 in Invocations
  5206 | D:6      | Reached * piety under Cheibriados
  5333 | D:6      | Found a white marble altar of Elyvilon.
  5411 | D:6      | Learned a level 4 spell: Summon Ice Beast
  5418 | D:6      | Found a runed translucent gate.
  5419 | D:6      | Found a runed translucent gate.
  5420 | D:6      | Found a runed translucent gate.
  5420 | D:6      | Noticed Leszczynek's ghost (novice PaWn)
  5421 | D:6      | Identified the cursed +2 dagger "Aleitele" {chaos, rElec
                  | rPois Str+3}
  6020 | D:7      | Reached XP level 9. HP: 63/75 MP: 20/20
  6504 | D:7      | Reached ** piety under Cheibriados
  6716 | D:8      | Shot with an arrow by a centaur

Illustrated notes

Levels and vault maps discovered:
D:1:      ncdulo_watergridlock, layout_loops_ring
D:2:      layout_loops_cross, minmay_fractal_squares_5, uniq_jessica
D:3:      layout_basic, uniq_robin
D:4:      layout_loops_ring, minmay_temple_entry_stoned_glass,
          gup_sewer_entry_bubbles
D:5:      layout_loops_ring, uniq_menkaure, uniq_grinder, uniq_blork_the_orc
D:6:      layout_basic, gammafunk_ghost_nasty_kobolds, basic_altar, minivault_22
D:7:      layout_cave_pools, amethyst_killhole, lightli_orcish_oven
D:8:      lemuel_bear_cage, layout_rooms, serial_shops, shop
Temple:   regret_index_temple_chain_breaker

Skill      XL: |  1  2  3  4  5  6  7  8  9 |
---------------+----------------------------+-----
Dodging        | 2 3 |  3.4
Stealth        | 2 |  2.0
Fighting       | 1 2 3 4 5 6 |  6.1
Spellcasting   | 3 4 6 7 |  7.6
Ice Magic      | 5 6 |  6.8
Unarmed Combat | 2 |  2.9
Invocations    | 2 3 |  3.1

Action                   |  1- 3 |  4- 6 |  7- 9 || total
-------------------------+-------+-------+-------++-------
Melee: Unarmed           |    10 |       |       ||    10
       Tailslap          |     5 |    16 |    27 ||    48
       Dagger            |    39 |   146 |   161 ||   346
       Punch             |       |       |     3 ||     3
Throw: Dart              |       |       |     3 ||     3
 Cast: Freeze            |    36 |    19 |    72 ||   127
       Frozen Ramparts   |       |    23 |    27 ||    50
       Ozocubu's Armour  |       |     2 |     8 ||    10
       Summon Ice Beast  |       |       |     7 ||     7
 Abil: Breathe Lightning |       |       |     8 ||     8
  Use: Scroll            |       |     5 |    10 ||    15
 Stab: Sleeping          |     2 |     4 |     4 ||    10
Armor: Skin              |    22 |    60 |    86 ||   168
Dodge: Dodged            |    66 |   110 |   173 ||   349
